 Dungeon Crawl Stone Soup version 0.30-a0-748-ge6a52f7cba (webtiles) character file.

Game seed: 14053852946016130237

691 kae the Digger (level 7, -2/36 HPs)
             Began as a Gargoyle Earth Elementalist on Feb 8, 2023.
             Was an Initiate of Vehumet.
             Slain by Pikel
             ... wielding a +0 whip of flaming
              (4 damage)
             ... on level 4 of the Dungeon.
             The game lasted 00:04:23 (4184 turns).

kae the Digger (Gargoyle Earth Elementalist)        Turns: 4184, Time: 00:04:23

Health: -2/36      AC:  7    Str: 12    XL:     7   Next: 63%
Magic:  0/12       EV: 11    Int: 17    God:    Vehumet [......]
Gold:   257        SH:  0    Dex: 10    Spells: 3/13 levels left

rFire   . . .      SeeInvis .    d - +0 long sword
rCold   . . .      Faith    .    (no shield)
rNeg    + . .      Spirit   .    a - +1 robe
rPois   ∞          Reflect  .    (no helmet)
rElec   +          Harm     .    (no cloak)
rCorr   .          Rampage  .    (no gloves)
Will    +....                    (no boots)
Stlth   ++                       (no amulet)
HPRegen 0.26/turn                j - ring of willpower
MPRegen 0.13/turn                (no ring)

@: no status effects
A: sickness immunity, AC +4, negative energy resistance 1, electricity
resistance, torment resistance 1, petrification resistance
a: Renounce Religion


You were on level 4 of the Dungeon.
You worshipped Vehumet.
Vehumet was noncommittal.
You visited 2 branches of the dungeon, and saw 6 of its levels.

You collected 257 gold pieces.


Innate Abilities, Weirdness & Mutations

You are immune to sickness and miasma.
Your stone body is resilient. (AC +4)
You are immune to poison.
You resist negative energy. (rN+)
You are resistant to electric shocks. (rElec)
You are resistant to unholy torment.
You are immune to petrification.


   Skills:
 - Level 1.5 Dodging
 - Level 2.1 Stealth
 + Level 3.8 Spellcasting
 * Level 4.4 Conjurations
 + Level 1.9 Transmutations
 * Level 7.4 Earth Magic


You had 3 spell levels left.
You knew the following spells:

 Your Spells              Type           Power      Damage    Failure   Level
a - Sandblast             Erth           56%        2d13      1%          1
b - Stone Arrow           Conj/Erth      46%        3d9       4%          3
c - Passwall              Tmut/Erth      15%        N/A       3%          2
d - Petrify               Tmut/Erth      19%        N/A       24%         4

Your spell library contained the following spells:

 Spells                   Type           Power      Damage    Failure   Level


Inventory:

Hand Weapons
 d - a +0 long sword (weapon)
   (You found it on level 3 of the Dungeon)
Missiles
 k - 45 stones
 n - 4 atropa-tipped darts
Armour
 a - a +1 robe (worn)
Jewellery
 j - a ring of willpower (left hand)
   (You found it on level 1 of the Dungeon)
Scrolls
 e - 2 scrolls of teleportation {@r4}
 l - a scroll of enchant armour
 q - a scroll of magic mapping {!r}
 s - 3 scrolls of noise {unknown}
 u - a scroll of identify {@r1}
Potions
 b - a potion of magic
 c - 4 potions of curing {@q1}
 f - a potion of heal wounds {@q2}
 g - a potion of flight {unknown}
 h - 2 potions of attraction {unknown}
 i - 3 potions of lignification {!q}
 m - 2 potions of haste {@q3}
 o - a potion of brilliance {unknown}
 p - a potion of degeneration {unknown}
 r - 3 potions of invisibility {unknown}
 t - a potion of might {unknown}

Dungeon Overview and Level Annotations

Branches:
Dungeon (5/15) Zot: 25778  Temple (1/1) D:4 Zot: 5941

Altars:
Cheibriados
Dithmenos
Fedhas
Hepliaklqana
Nemelex Xobeh
Okawaru
Qazlal
Ru
Sif Muna
Trog
Uskayaw
Vehumet
Wu Jian
Xom
Yredelemnul
Zin

Annotations:
D:4 Pikel

###.##..###### #..#
#####.##..# #..#
....>.##..# #..#
.#######..# #..# .# #..#
################... .#
#..# #..............##.#
.#######..#
##.############.##.#
.......#..####...#
#.##)#
######.#........@#
#.##.#
........)#####..K#
#.##)~
####...^)......#########
#.##.~ #
#.#.#######.........#
#.##.~ #
#.#.###############.#
#.#..~ # #.#...........#
#.# #.#.#~ #
##...#########.# #.#
#.#... # #.....# #.# #.#
#.#..# # #.....# #.#
#.### #.....


You could see Pikel.


Message History

😎 MP[-1]
You lost 1 mp, and now have 11/12 mp.
Casting: Sandblast (safe; 1% risk of failure)
Confirm with . or Enter, or press ? or * to list all spells.
You can't see any susceptible monsters within range! (Use Z to cast anyway.)
You start resting.
There are monsters nearby!
Casting: Sandblast (safe; 1% risk of failure)
Confirm with . or Enter, or press ? or * to list all spells.
Aiming: Sandblast (safe; 1% risk of failure)
Press: ? - help, Shift-Dir - straight line, f/p - lemure
Aim: a lemure (lightly wounded, 79% to hit)
The blast of sand hits the lemure! 😎 MP[-1]
You lost 1 mp, and now have 10/12 mp.
You climb upwards.
There is a stone staircase leading down here.
Casting: Sandblast (safe; 1% risk of failure)
Confirm with . or Enter, or press ? or * to list all spells.
Aiming: Stone Arrow (dangerous; 4% risk of failure)
Press: ? - help, Shift-Dir - straight line, f - Pikel
Aim: Pikel, wielding a +0 whip of flaming and wearing a +0 robe (64% to hit)
The stone arrow hits Pikel!
Pikel says, "I'm sure they'll be treated well, anyway."
Pikel barely misses you. 😎 MP[-2]
You lost 2 mp, and now have 8/12 mp.
Casting: Stone Arrow (dangerous; 4% risk of failure)
Confirm with . or Enter, or press ? or * to list all spells.
Aiming: Stone Arrow (dangerous; 4% risk of failure)
Press: ? - help, Shift-Dir - straight line, f/p - Pikel
Aim: Pikel, wielding a +0 whip of flaming and wearing a +0 robe (lightly wounded, 64% to hit)
The stone arrow misses Pikel.
Pikel hits you with a +0 whip of flaming.
Pikel burns you. 😕 HP[-3] MP[-3]
You take 3 damage, and now have 33/36 hp.
You lost 3 mp, and now have 5/12 mp.
Casting: Stone Arrow (dangerous; 4% risk of failure)
Confirm with . or Enter, or press ? or * to list all spells.
Aiming: Stone Arrow (dangerous; 4% risk of failure)
Press: ? - help, Shift-Dir - straight line, f/p - Pikel
Aim: Pikel, wielding a +0 whip of flaming and wearing a +0 robe (lightly wounded, 64% to hit)
The stone arrow hits Pikel!
Pikel hits you with a +0 whip of flaming!
Pikel burns you. 😮 HP[-12] MP[-3]
You take 12 damage, and now have 21/36 hp.
MASSIVE DAMAGE!! (PAUSE)
You lost 3 mp, and now have 2/12 mp.
Casting: Stone Arrow (dangerous; 4% risk of failure)
Confirm with . or Enter, or press ? or * to list all spells.
Aiming: Sandblast (safe; 1% risk of failure)
Press: ? - help, Shift-Dir - straight line, f/p - Pikel
Aim: Pikel, wielding a +0 whip of flaming and wearing a +0 robe (heavily wounded, 79% to hit)
The blast of sand hits Pikel.
Pikel closely misses you. 😮 MP[-1]
You lost 1 mp, and now have 1/12 mp.
Casting: Sandblast (safe; 1% risk of failure)
Confirm with . or Enter, or press ? or * to list all spells.
Aiming: Sandblast (safe; 1% risk of failure)
Press: ? - help, Shift-Dir - straight line, f/p - Pikel
Aim: Pikel, wielding a +0 whip of flaming and wearing a +0 robe (severely wounded, 79% to hit)
The blast of sand hits Pikel!
Pikel hits you but does no damage.
Pikel hits you with a +0 whip of flaming!
* * * LOW HITPOINT WARNING * * *
Pikel burns you.
* * * LOW HITPOINT WARNING * * *
😨 HP[-9] MP[-1]
You take 9 damage, and now have 12/36 hp.
MASSIVE DAMAGE!! (PAUSE)
You lost 1 mp, and now have 0/12 mp.
Casting: Sandblast (safe; 1% risk of failure)
Confirm with . or Enter, or press ? or * to list all spells.
You don't have enough magic to cast this spell.
You hit Pikel but do no damage.
Pikel hits you with a +0 whip of flaming!
* * * LOW HITPOINT WARNING * * *
Pikel burns you.
* * * LOW HITPOINT WARNING * * *
😱 HP[-8]
You take 8 damage, and now have 4/36 hp.
MASSIVE DAMAGE!! (PAUSE)
You hit Pikel but do no damage.
Pikel says, "You'll rot in Tartarus!"
Pikel hits you with a +0 whip of flaming.
* * * LOW HITPOINT WARNING * * *
Pikel burns you.
* * * LOW HITPOINT WARNING * * *
😱 HP[-3] MP[+1]
You take 3 damage, and now have 1/36 hp.
Unknown command.
Casting: Sandblast (safe; 1% risk of failure)
Confirm with . or Enter, or press ? or * to list all spells.
Aiming: Sandblast (safe; 1% risk of failure)
Press: ? - help, Shift-Dir - straight line, f/p - Pikel
Aim: Pikel, wielding a +0 whip of flaming and wearing a +0 robe (almost dead, 79% to hit)
The blast of sand hits Pikel but does no damage.
Pikel hits you with a +0 whip of flaming.
You die...

Skill      XL: |  1  2  3  4  5  6 |
---------------+-------------------+-----
Earth Magic    | 4 5 6 7 |  7.4
Spellcasting   | 3 |  3.8
Conjurations   | 2 4 |  4.4
Transmutations | 1 |  1.9
Dodging        | |  1.5
Stealth        | |  2.1

Action                     |  1- 3 |  4- 6 |  7- 9 || total
---------------------------+-------+-------+-------++-------
  Melee: Unarmed           |    18 |    14 |       ||    32
         Long sword        |       |    33 |     2 ||    35
   Cast: Sandblast         |    42 |    93 |    27 ||   162
         Stone Arrow       |       |       |     3 ||     3
    Use: Scroll            |     5 |     2 |       ||     7
 Armour: Robe              |    13 |    38 |     6 ||    57
  Dodge: Dodged            |    32 |    68 |     9 ||   109

Levels and vault maps discovered:
D:1:      lordsloth_arrival_two_stooges, layout_rooms, serial_curves,
          eino_curves_04, eino_curves_01
D:2:      layout_loops_ring, chequers_ecumenical_altar_simple_redux,
          minmay_misc_feat_alley
D:3:      layout_basic, serial_undead, serial_undead_e, serial_undead_f,
          serial_undead_a, serial_undead_c, nicolae_figureground_pulse
D:4:      layout_loops_ring, xom_confusion_cloud, mainiacjoe_overflow_alcove_2,
          mainiacjoe_overflow_paths, minmay_temple_entry_purple_smoke,
          uniq_sigmund
D:5:      layout_layer_cave, makhleb_altar_promises_db, serial_park_tiny_2,
          uniq_pikel
Temple:   nicolae_temple_ecumenical_triangle

Notes
Turn   | Place    | Note
-------+----------+-------------------------------------------
     0 | D:1      | kae the Gargoyle Earth Elementalist began the quest for the
                  | Orb.
     0 | D:1      | Reached XP level 1. HP: 10/10 MP: 3/3
     0 | D:1      | magus.rc [v1.11.3]
   168 | D:1      | Reached skill level 4 in Earth Magic
   177 | D:1      | Reached XP level 2. HP: 15/15 MP: 1/5
   541 | D:2      | HP: 3/15 [hobgoblin (3)]
   900 | D:2      | Reached XP level 3. HP: 12/19 MP: 2/6
   983 | D:2      | Reached skill level 5 in Earth Magic
  1073 | D:2      | Reached XP level 4. HP: 14/24 MP: 5/8
  1255 | D:2      | Found a faded altar of an unknown god.
  1420 | D:2      | Learned a level 3 spell: Stone Arrow
  1423 | D:2      | Learned a level 2 spell: Passwall
  1535 | D:3      | Reached skill level 3 in Spellcasting
  1535 | D:3      | Reached XP level 5. HP: 23/28 MP: 1/9
  1598 | D:3      | Reached skill level 1 in Conjurations
  2412 | D:3      | Reached skill level 6 in Earth Magic
  2414 | D:3      | Reached skill level 2 in Conjurations
  2699 | D:4      | Learned a level 4 spell: Petrify
  2891 | D:4      | Reached XP level 6. HP: 32/32 MP: 2/10
  2913 | D:4      | Reached skill level 1 in Transmutations
  2973 | D:4      | Found a shimmering altar of Xom.
  3024 | D:4      | Found a sparkling altar of Nemelex Xobeh.
  3109 | D:4      | Reached skill level 3 in Conjurations
  3253 | D:4      | Found a shimmering blue altar of Sif Muna.
  3384 | D:4      | Noticed Sigmund
  3388 | D:4      | Killed Sigmund
  3389 | D:4      | Reached skill level 4 in Conjurations
  3389 | D:4      | Reached skill level 7 in Earth Magic
  3389 | D:4      | Reached XP level 7. HP: 29/36 MP: 8/12
  3435 | D:4      | Found a staircase to the Ecumenical Temple.
  3442 | Temple   | Entered the Ecumenical Temple
  3491 | Temple   | Became a worshipper of Vehumet
  3627 | D:5      | Entered Level 5 of the Dungeon
  3694 | D:5      | HP: 7/36 [centaur/arrow (4)]
  3695 | D:5      | HP: 1/36 [centaur/arrow (6)]
  4023 | D:5      | Noticed Pikel
  4182 | D:4      | HP: 5/36 [Pikel/+0 whip of flaming (7)]
  4183 | D:4      | HP: 2/36 [Pikel/+0 whip of flaming (2)]
  4184 | D:4      | Slain by Pikel

Vanquished Creatures
  Sigmund (D:4)
  A centaur (D:5)
  2 lemures (D:5)
  A necrophage (D:4)
  A hound (D:5)
  2 iguanas (D:4)
  An orc wizard (D:4)
  2 hound zombies (D:3)
  8 gnolls
  7 adders
  A shadow imp (D:4)
  3 adder zombies (D:3)
  An adder skeleton (D:3)
  2 worms
  2 dart slugs
  4 orcs
  10 endoplasms
  4 giant cockroaches
  8 hobgoblins
  2 jackals (D:2)
  4 quokkas (D:3)
  4 ball pythons
  8 bats
  A frilled lizard (D:1)
  7 goblins
  7 kobolds
  A quokka zombie (D:3)
  3 rats
98 creatures vanquished.

Vanquished Creatures (others)
  A scorpion (D:4)
  4 withered plants (D:3)
5 creatures vanquished.

Grand Total: 103 creatures vanquished

Table legend:
 A = Non-vault XP
 B = Vault XP
 C = Vault XP percentage of total XP
 D = Non-vault monster count
 E = Vault monster count
 F = Vault count percentage of total count
                 A         B        C        D         E       F
            +---------+---------+-------+---------+---------+-------
      Total |     597 |     391 |  39.6 |      77 |      19 |  19.8
            +---------+---------+-------+---------+---------+-------
        D:1 |      17 |       0 |   0.0 |      11 |       0 |   0.0
        D:2 |     109 |       0 |   0.0 |      23 |       0 |   0.0
        D:3 |     100 |      64 |  39.0 |      25 |       7 |  21.9
        D:4 |     175 |     327 |  65.1 |      13 |      12 |  48.0
        D:5 |     196 |       0 |   0.0 |       5 |       0 |   0.0
            +---------+---------+-------+---------+---------+-------

Illustrated notes

Table legend:
 A = Kills in this place as a percentage of kills in entire the game.
 B = Kills by you in this place as a percentage of kills by you in the entire game.
 C = Kills by friends in this place as a percentage of kills by friends in the entire game.
 D = Other kills in this place as a percentage of other kills in the entire game.
 E = Experience gained in this place as a percentage of experience gained in the entire game.
 F = Experience gained in this place divided by the number of levels of this place that you have seen.
                   A       B       C       D       E      F
               +-------+-------+-------+-------+-------+----------------------
         Total | 100.0 | 100.0 |   N/A |   N/A | 100.0 | 164.7
       Dungeon | 100.0 | 100.0 |   N/A |   N/A | 100.0 | 197.6
               +-------+-------+-------+-------+-------+----------------------

Table legend: (Time is in decaauts)
 A = Elapsed time spent in this place.
 B = Non-inter-level travel time spent in this place.
 C = Inter-level travel time spent in this place.
 D = Time resting spent in this place.
 E = Time spent auto-exploring this place.
 F = Levels seen in this place.
 G = Mean time per level.
                   A        B        C        D        E       F      G
               +--------+--------+--------+--------+--------+-----+--------+
         Total |   4278 |   4162 |    116 |    277 |   3174 |   6 |  713.0 |
       Dungeon |   4219 |   4111 |    108 |    277 |   3146 |   5 |  843.8 |
        Temple |     58 |     50 |      8 |      0 |     28 |   1 |   58.0 |
               +--------+--------+--------+--------+--------+-----+--------+

Top non-repeatable levels by time:
     D:3: 1259 daAuts
     D:2: 1008 daAuts
     D:4: 911 daAuts
     D:5: 560 daAuts
     D:1: 480 daAuts
  Temple: 58 daAuts
